[Event "USA-ch Junior Girls 2018"]
[Site "Saint Louis"]
[Date "2018.07.12"]
[Round "1"]
[White "Wu, Rochelle"]
[Black "Yip, Carissa"]
[Result "0-1"]
[ECO "D91"]
[WhiteElo "2110"]
[BlackElo "2364"]
[Annotator "ChessBase"]
[PlyCount "48"]
[EventDate "2018.07.12"]
[EventType "tourn"]
[EventCountry "USA"]
[SourceTitle "playchess.com"]
[Source "ChessBase"]
[SourceQuality "1"]
[TimeControl "40/5400+30:1800+30"]

1. d4 Nf6 2. c4 g6 3. Nc3 d5 4. Nf3 Bg7 5. Bg5 Ne4 6. cxd5 Nxg5 7. Nxg5 e6 8. Nf3 exd5 9. b4 O-O 10. e3 Be6 11. Qb3 Nd7 12. a4 Rc8 13. Bd3 c5 14. Qa3 cxd4 15. Nxd4 Bxd4 16. exd4 Qg5 17. g3 Bh3 18. Ne2 Rfe8 19. Qb2 Qg4 20. Rg1 Re7 21. Rd1 Rce8 22. Rd2 Nb6 23. Qb3 Qf3 24. a5 Rxe2+ 0-1

[Event "USA-ch Junior Girls 2018"]
[Site "Saint Louis"]
[Date "2018.07.12"]
[Round "1"]
[White "Vittal, Sanjana"]
[Black "Samadashvili, Martha"]
[Result "1/2-1/2"]
[ECO "B48"]
[WhiteElo "1947"]
[BlackElo "2040"]
[Annotator "NA RC"]
[PlyCount "82"]
[EventDate "2018.07.12"]
[EventType "tourn"]
[EventCountry "USA"]
[SourceTitle "playchess.com"]
[Source "ChessBase"]
[SourceQuality "1"]
[TimeControl "40/5400+30:1800+30"]

1. e4 c5 2. Nc3 Nc6 3. Nf3 e6 4. d4 cxd4 5. Nxd4 Qc7 6. Be3 a6 7. f4 d6 8. Qf3 Nf6 9. O-O-O Nxd4 {[%emt 0:10:12] B82: Sicilian Scheveningen: 6 f4} (9... Bd7 10. g4 h6 11. Rg1 Rc8 12. Kb1 b5 13. a3 Be7 14. Be2 Nxd4 15. Bxd4 e5 16. Be3 Bc6 17. g5 hxg5 18. fxg5 {1-0 (33) David,A (2574)-Brunello,S (2557) Rome 2016}) 10. Rxd4 b5 11. Rd2 $146 ({Predecessor:} 11. e5 Bb7 12. Qg3 dxe5 13. fxe5 Nd5 14. Nxb5 axb5 15. Bxb5+ Bc6 16. Rc4 Nb4 17. Qf3 {1-0 (65) Ashwin,J (2425)-Panagiotopoulos,A (2200) Paleochora 2009}) 11... Bb7 12. Bd3 Qa5 13. Kb1 Be7 14. g4 Nd7 15. g5 Rc8 16. Ne2 Nc5 17. Nd4 d5 {[%emt 0:07:16] [#]} (17... Qa4 $11) 18. e5 $1 Ne4 19. Bxe4 (19. Rdd1 $16) 19... dxe4 20. Qf2 Bd5 21. Nb3 Qc7 22. Rhd1 g6 23. Bb6 Qb8 24. Qe3 Qa8 25. Nd4 Qb7 26. Nb3 Qa8 27. Nd4 Qb7 28. Nb3 Rc6 29. Bd4 Qc7 30. Bc3 $2 {[%emt 0:02:12] [#]} (30. h4 $11) 30... b4 $1 31. Bd4 O-O 32. Qf2 (32. Qe2 $142) 32... Rc8 33. Be3 Qb8 (33... a5 $19 {has better winning chances.} 34. Nd4 Ra6) 34. h4 $1 {[%emt 0:00:54] [#]} Bf8 (34... a5 $1 $17) 35. Qe2 Qa8 (35... a5 $5) 36. h5 R6c7 37. hxg6 fxg6 38. Nd4 Bc5 39. Nb3 Bf8 40. Nd4 Bc5 41. Nb3 Bf8 $11 1/2-1/2

[Event "USA-ch Junior Girls 2018"]
[Site "Saint Louis"]
[Date "2018.07.13"]
[Round "2"]
[White "Morris-Suzuki, Sophie"]
[Black "Cervantes Landeiro, Thalia"]
[Result "0-1"]
[ECO "D71"]
[WhiteElo "1980"]
[BlackElo "2208"]
[Annotator "NA"]
[PlyCount "78"]
[EventDate "2018.07.12"]
[EventType "tourn"]
[EventCountry "USA"]
[SourceTitle "playchess.com"]
[Source "ChessBase"]
[SourceQuality "1"]
[TimeControl "40/5400+30:1800+30"]

1. d4 Nf6 2. c4 g6 3. g3 c6 4. Bg2 d5 5. cxd5 cxd5 6. Nf3 Bg7 7. O-O Nc6 8. Ne5 O-O 9. Nc3 Bf5 10. Bf4 Rc8 {[%emt 0:08:56] D79: Fianchetto Grünfeld: Symmetrical Variation (6 0-0 c6 7 cxd5 cxd5)} 11. Nxc6 bxc6 12. Na4 Ne4 13. f3 $146 ({Predecessor:} 13. Rc1 Qa5 14. a3 Nd6 15. Bd2 Qd8 16. e3 h5 17. Qe2 Ne4 18. Be1 e5 19. dxe5 Bxe5 {0-1 (34) Gagunashvili,M (2560)-Mamedov,R (2660) Nakhchivan 2014}) 13... Nd6 14. Nc5 Qb6 15. e3 Qxb2 16. Rf2 Qb4 17. g4 Be6 18. Rb1 Qa5 19. Bf1 ({Much worse is} 19. Nxe6 fxe6 20. Bg5 Qc7 $15) 19... Rb8 20. Rfb2 Rxb2 21. Rxb2 Nc4 22. Rc2 Bc8 23. Bxc4 dxc4 24. Rxc4 Qxa2 25. Ra4 Qd5 26. Bc7 (26. e4 $11 Qd8 27. Qd2) 26... f5 27. gxf5 Qxf5 28. Rxa7 Qg5+ ({Much less strong is} 28... Qxf3 29. Qxf3 Rxf3 30. Ra8 $17) 29. Kf2 h5 30. Ne4 Qd5 31. Kg1 $19 (31. Ke1 $11 {und Weiss steht sicher.}) 31... Bg4 32. Ra5 Qxe4 33. fxg4 Qxe3+ 34. Kh1 Qe4+ 35. Kg1 Bxd4+ 36. Qxd4 Qxd4+ 37. Kg2 Rf2+ 38. Kg3 Re2 39. Ra3 Qxg4# 0-1

[Event "USA-ch Junior Girls 2018"]
[Site "Saint Louis"]
[Date "2018.07.14"]
[Round "3"]
[White "Nguyen, Emily"]
[Black "Yip, Carissa"]
[Result "1/2-1/2"]
[ECO "D70"]
[WhiteElo "2215"]
[BlackElo "2364"]
[Annotator "ChessBase"]
[PlyCount "101"]
[EventDate "2018.07.12"]
[EventType "tourn"]
[EventCountry "USA"]
[SourceTitle "playchess.com"]
[Source "ChessBase"]
[SourceQuality "1"]
[TimeControl "40/5400+30:1800+30"]

1. d4 g6 2. c4 Nf6 3. Nf3 Bg7 4. g3 d5 5. cxd5 Nxd5 6. Bg2 Nb6 7. Nc3 Nc6 8. e3 O-O 9. O-O Re8 10. Nh4 e5 11. d5 Nb4 12. Qb3 Qe7 13. e4 c6 14. Be3 Nd3 15. Bxb6 axb6 16. Qxb6 Nb4 17. a3 Nc2 18. Rac1 Nd4 19. Nf3 Bg4 20. Nxd4 exd4 21. Nb1 Ra6 22. Qb3 cxd5 23. f3 Bd7 24. Qxd5 Bc6 25. Qb3 Bh6 26. Rce1 Qc5 27. f4 Rb6 28. Qa2 d3+ 29. Rf2 Bd5 30. Qa1 Bg7 31. e5 Bxg2 32. Kxg2 f6 33. Qa2+ Kh8 34. b4 Qc6+ 35. Kg1 fxe5 36. fxe5 Rb5 37. Qd2 Rd5 38. Rf3 Qc2 39. e6 Qxd2 40. Nxd2 Bc3 41. Rd1 Rxe6 42. Kf1 Bxd2 43. Rxd2 Red6 44. Ke1 Kg7 45. Rb2 Ra6 46. Rb3 d2+ 47. Kd1 Rad6 48. Rb2 b5 49. Rf2 Ra6 50. Rb3 Rad6 51. Rb2 1/2-1/2

[Event "USA-ch Junior Girls 2018"]
[Site "Saint Louis"]
[Date "2018.07.14"]
[Round "3"]
[White "Cervantes Landeiro, Thalia"]
[Black "Samadashvili, Martha"]
[Result "1/2-1/2"]
[ECO "E21"]
[WhiteElo "2208"]
[BlackElo "2040"]
[Annotator "ChessBase"]
[PlyCount "169"]
[EventDate "2018.07.12"]
[EventType "tourn"]
[EventCountry "USA"]
[SourceTitle "playchess.com"]
[Source "ChessBase"]
[SourceQuality "1"]
[TimeControl "40/5400+30:1800+30"]

1. d4 Nf6 2. c4 e6 3. Nc3 Bb4 4. Nf3 d5 5. cxd5 exd5 6. Bg5 c6 7. Qb3 Be7 8. e3 h6 9. Bh4 Ne4 10. Bxe7 Qxe7 11. Bd3 O-O 12. Qc2 Re8 13. O-O Nd7 14. Rae1 Ndf6 15. Ne5 Nxc3 16. bxc3 c5 17. f3 Be6 18. Qf2 c4 19. Bb1 b5 20. e4 Qb7 21. Qc2 g6 22. exd5 Bxd5 23. f4 Kg7 24. f5 g5 25. Qf2 Kh8 26. Qg3 Qb6 27. Ng4 Nxg4 28. Qxg4 Qf6 29. Qg3 Rad8 30. Re5 b4 31. cxb4 Qb6 32. Qf2 f6 33. Rxe8+ Rxe8 34. a3 a5 35. bxa5 Qxa5 36. Qb2 c3 37. Qf2 Qxa3 38. Bd3 Rb8 39. Qe1 Qb4 40. Qe3 Qa4 41. Rc1 Re8 42. Qf2 Bc4 43. Qc2 Qxc2 44. Bxc2 Re2 45. Ba4 Ra2 46. Bc6 c2 47. Be4 Bb3 48. Kf2 Kg7 49. Ke3 Kf8 50. Kd2 Ke7 51. Kc3 Bf7 52. Bxc2 Kd6 53. Rb1 Bd5 54. Rb6+ Ke7 55. g3 Ra1 56. Rb2 Rf1 57. Bd3 Rf3 58. Re2+ Kd6 59. Kd2 Rf1 60. Ke3 Bc6 61. Bc4 Rxf5 62. Kd3 Bd7 63. Rb2 Rf3+ 64. Ke2 Rc3 65. Bd3 Kd5 66. Rb6 Bc6 67. Ke3 Ra3 68. h4 f5 69. hxg5 hxg5 70. Ke2 f4 71. gxf4 gxf4 72. Bg6 Bd7 73. Bh5 Bc8 74. Bf3+ Kxd4 75. Rb4+ Ke5 76. Rb5+ Kf6 77. Rb6+ Kg5 78. Rb5+ Bf5 79. Kf2 Ra2+ 80. Be2 Kf6 81. Rb6+ Be6 82. Kf3 Ra4 83. Bd1 Rd4 84. Bb3 Rd3+ 85. Kxf4 1/2-1/2

[Event "USA-ch Junior Girls 2018"]
[Site "Saint Louis"]
[Date "2018.07.14"]
[Round "3"]
[White "Matus, Nastassja"]
[Black "Morris-Suzuki, Sophie"]
[Result "1-0"]
[ECO "A28"]
[WhiteElo "1960"]
[BlackElo "1980"]
[Annotator "NA RC"]
[PlyCount "123"]
[EventDate "2018.07.12"]
[EventType "tourn"]
[EventCountry "USA"]
[SourceTitle "playchess.com"]
[Source "ChessBase"]
[SourceQuality "1"]
[TimeControl "40/5400+30:1800+30"]

1. c4 e5 2. Nc3 Nf6 3. Nf3 Nc6 4. e3 Bb4 5. Qc2 O-O 6. Nd5 Bc5 {[%emt 0:00:37] A28: English Opening: Four Knights Variation} (6... Be7 7. a3 d6 8. Be2 Be6 9. Ng5 Bxd5 10. cxd5 Nb8 11. Qb3 Nbd7 12. d3 h6 13. Nf3 c6 14. dxc6 bxc6 {½-½ (39) Cheparinov,I (2710)-Kryvoruchko,Y (2689) Riadh 2017}) 7. Ng5 g6 8. Nxf6+ Qxf6 9. Ne4 Qe7 10. Nxc5 Qxc5 11. a3 a5 12. b3 d5 13. Be2 d4 $146 ({Predecessor:} 13... Bf5 14. d3 {0-1 (41) Daley,E-Rach,J ICCF email 2007}) 14. Bf3 Bf5 15. e4 d3 16. Qxd3 Be6 17. Bb2 a4 18. Be2 (18. b4 $11 Bxc4 19. Qe3) 18... Rfd8 19. Qe3 {[%emt 0:05:17] [#]} (19. b4 $11 Rxd3 20. bxc5) 19... Nd4 $1 20. Bxd4 exd4 21. Qd3 {[%emt 0:00:46] [#]} axb3 $1 22. Qxb3 {[%emt 0:01:13] [#]} d3 $1 23. Bxd3 Qd4 ({Black should play} 23... Qd6 $19 24. Ke2 Rd7) 24. Ke2 Ra4 (24... Qc5 $17 25. Rhd1 Rd4) 25. Rhc1 b5 $1 26. Qc3 Qc5 27. cxb5 Qh5+ 28. Kf1 Qxh2 29. Qxc7 $2 (29. f3 $17 Rad4 30. Qxc7) 29... Qh1+ 30. Ke2 {[%emt 0:00:01] [#]} Bg4+ $1 31. Ke3 Qh6+ 32. f4 Rad4 33. Rc3 Qh4 34. f5 Qg5+ (34... R4d6 $142 35. Be2 Rxd2) 35. Kf2 Qxd2+ $2 (35... Rxd3 36. Rxd3 Rxd3) 36. Kg1 Rxd3 37. Rxd3 Qxd3 38. b6 {[%emt 0:00:53] [#]} (38. Rf1 {was necessary.} Qd4+ 39. Kh2) 38... Qd4+ $1 ({Weaker is} 38... gxf5 39. b7 $11) 39. Kh2 Re8 $2 ({Stronger than} 39... gxf5 40. b7 $16) (39... Rd6 $19 40. Re1 Qxb6 41. Qxb6 Rxb6) 40. Rc1 gxf5 41. b7 Qd2 $1 42. Rc3 Kg7 43. Rb3 Re6 44. b8=Q Rh6+ 45. Kg3 Qe1+ 46. Kf4 Qxe4+ $11 {[%emt 0:00:35] and Black has nothing to worry.} 47. Kg3 Qe1+ 48. Kf4 Qe4+ 49. Kg3 Qe1+ 50. Kf4 Qf2+ $2 {[%emt 0:00:24] [#]} 51. Rf3 $2 ({Weiss kommt nicht vorbei an} 51. Ke5 $1 $18 Qd2 52. Qbc8) 51... Qd2+ 52. Kg3 Qe1+ 53. Kf4 Qe4+ 54. Kg3 Rh3+ 55. Kf2 Qd4+ $2 (55... Rxf3+ $11 56. gxf3 Qxf3+ 57. Kg1 Qe3+ 58. Kg2 Qd2+ 59. Kg1 Qe3+ 60. Kg2 Bf3+ 61. Kh3 Bg4+ 62. Kg2) 56. Ke2 Bxf3+ 57. gxf3 Qg1 58. Qe5+ Kh6 59. Qf8+ Kh5 60. Qxf7+ Kh4 61. Qf4+ Qg4 62. Qxh7# 1-0

[Event "USA-ch Junior Girls 2018"]
[Site "Saint Louis"]
[Date "2018.07.15"]
[Round "4"]
[White "Samadashvili, Martha"]
[Black "Matus, Nastassja"]
[Result "1-0"]
[ECO "B52"]
[WhiteElo "2040"]
[BlackElo "1960"]
[Annotator "NA RC"]
[PlyCount "99"]
[EventDate "2018.07.12"]
[EventType "tourn"]
[EventCountry "USA"]
[SourceTitle "playchess.com"]
[Source "ChessBase"]
[SourceQuality "1"]
[TimeControl "40/5400+30:1800+30"]

1. e4 c5 2. Nf3 d6 3. Bb5+ Bd7 4. Bxd7+ Qxd7 5. c4 Nc6 6. O-O g6 7. d4 cxd4 8. Nxd4 Bg7 9. Be3 Nf6 10. f3 O-O 11. Nc3 Rac8 12. Rc1 {[%emt 0:00:31] B52: Sicilian: Moscow Variation with 3...Bd7} (12. b3 a6 13. a4 e6 14. Rc1 Rfd8 15. Kh1 d5 16. exd5 exd5 17. c5 Re8 18. Bf2 Ne5 19. Nce2 Bh6 20. Rc2 Bf8 21. Bh4 {0-1 (30) Hansen,E (2573)-Jones,G (2623) Berlin 2015}) 12... Nxd4 13. Bxd4 Rxc4 14. Bxa7 Bh6 $146 ({Predecessor:} 14... b5 15. Be3 b4 16. Qb3 Rfc8 17. Ne2 Qb5 18. Qd3 Qc6 19. Rxc4 Qxc4 20. Qxc4 Rxc4 {1-0 (41) Fendrik,L (2244)-Kosztolanczi,G (2183) Hungary 2006}) 15. Rb1 Rfc8 16. Qd3 b5 17. Be3 Bxe3+ 18. Qxe3 b4 19. Ne2 Qb7 20. Rfc1 Qa6 21. Rxc4 Rxc4 22. a3 bxa3 23. bxa3 Rc2 24. Nd4 Ra2 $2 (24... Rc8 $11) 25. Rb8+ Ne8 26. Rxe8+ Kg7 {[%emt 0:00:02] [#]} 27. Nf5+ $1 Kf6 28. Qd4+ e5 29. Qxd6+ Qxd6 30. Nxd6 Rxa3 31. Nc4 Ra1+ 32. Kf2 Kg5 33. Rxe5+ f5 34. exf5 Ra2+ 35. Kg3 gxf5 36. Ne3 Re2 37. Rxf5+ Kg6 38. Re5 Ra2 39. Kf4 Ra4+ 40. Re4 Ra5 41. g4 Rb5 42. h4 Ra5 43. h5+ Kf6 {[%emt 0:00:24] [#]} 44. g5+ Kf7 45. Ng4 Rb5 46. Ra4 Rb7 47. Ne5+ Ke7 48. Kf5 Rc7 49. g6 Kf8 50. h6 1-0

[Event "USA-ch Junior Girls 2018"]
[Site "Saint Louis"]
[Date "2018.07.16"]
[Round "5"]
[White "Morris-Suzuki, Sophie"]
[Black "Samadashvili, Martha"]
[Result "0-1"]
[ECO "B47"]
[WhiteElo "1980"]
[BlackElo "2040"]
[Annotator "NA RC"]
[PlyCount "168"]
[EventDate "2018.07.12"]
[EventType "tourn"]
[EventCountry "USA"]
[SourceTitle "playchess.com"]
[Source "ChessBase"]
[SourceQuality "1"]
[TimeControl "40/5400+30:1800+30"]

1. e4 c5 2. Nf3 e6 3. d4 cxd4 4. Nxd4 Nc6 5. Nc3 Qc7 6. Be2 a6 7. O-O Nf6 8. Kh1 Be7 9. f4 d6 10. Be3 O-O 11. Qe1 Nxd4 12. Bxd4 b5 13. Qg3 Bb7 {[%emt 0:11:49] LiveBook: 114 Games} 14. a3 Bc6 15. Rae1 Rad8 16. Bd3 Qd7 17. Nd1 g6 18. Nf2 Nh5 19. Qe3 f6 20. Bc3 e5 21. Nh3 Ng7 22. Ba5 Rc8 23. c4 Qb7 24. cxb5 axb5 25. Qg3 Nh5 26. Qg4 Ng7 27. Bc3 Bd7 28. Qf3 Rce8 29. Bb1 Be6 30. Rd1 Kh8 31. Bb4 Rd8 32. Nf2 Ne8 33. Qg3 (33. Ng4 $16) 33... Bg8 34. Ng4 Ng7 35. fxe5 Nh5 36. Qh3 dxe5 37. Bxe7 Qxe7 38. Qc3 Be6 39. Ne3 Nf4 40. Rfe1 Rc8 41. Qa5 Qc5 42. Qd2 Bb3 43. Rc1 Qd4 44. Qf2 Rxc1 45. Rxc1 f5 (45... Nd3 $15 46. Bxd3 Qxd3) 46. Qf3 (46. exf5 $11 {remains equal.} gxf5 47. Rf1) 46... Qxb2 47. Rf1 fxe4 48. Qxe4 Qd4 (48... Be6 $17 49. a4 bxa4 50. Qxa4 Kg7) 49. g3 Ne6 50. Rxf8+ Nxf8 51. Qa8 ({White should play} 51. Kg2 $15) 51... Kg7 52. Qb7+ (52. Qf3 $17) 52... Bf7 53. Qe4 Nd7 54. Kg2 Nc5 (54... Qb2+ $142 55. Bc2 Qxa3) 55. Qf3 (55. Qxd4 {ist der einzige Weg für Weiss..} exd4 56. Ng4) 55... Qb2+ 56. Bc2 Bb3 $2 ({Lieber} 56... Nb3 $19 57. Qg4 Nc5) 57. Qf2 Qd4 58. Bb1 (58. Bxb3 $17 Nxb3 59. Qf3) 58... Bd5+ (58... Be6 $19 {bietet bessere Gewinnchancen.} 59. Bc2 Qc3) 59. Kg1 $2 (59. Nxd5 $17 Qxd5+ 60. Kg1) 59... Be4 60. Ba2 $2 (60. Bxe4 Nxe4 61. Qe2) 60... Bf5 $2 ({Besser ist} 60... Nd3 $19 61. Qd2 b4) 61. g4 $2 (61. Nxf5+ $17 {was called for.} gxf5 62. Qxd4 exd4 63. Bb1) 61... Be6 (61... Bxg4 $19 {has better winning chances.} 62. Nf1 Ne4 63. Qxd4 exd4) 62. Bxe6 Nxe6 63. Kg2 (63. h4 $142) 63... Nf4+ 64. Kg3 Nd3 65. Qd2 Qf4+ (65... e4 $142 66. Nf1 Qg1+ 67. Qg2 Qc5) 66. Kg2 Qe4+ 67. Kg3 Nc5 68. Kf2 $2 (68. Qe2 {might work better.}) 68... Qf4+ (68... Qh1 $142 69. Ke2 Qxh2+ 70. Kd1 Qxd2+ 71. Kxd2 Kf6) 69. Kg2 Qd4 ({Black should try} 69... Ne4 $19 70. Qe2 Nf6) 70. Qf2 $2 (70. Qxd4 $17 exd4 71. Nd5) 70... Nd3 71. Qg3 Nf4+ 72. Kf3 Qd2 73. Ke4 (73. Qf2 {was forced.} Qd6 74. Qc2) 73... Qd4+ $2 (73... Qd6 $19 74. g5 Nd3) 74. Kf3 Qd3 75. g5 Qxa3 76. Qg4 Qd6 77. Qh4 $2 (77. Qc8) 77... Qc6+ $19 78. Kg3 Qc3 79. Kf2 Qxe3+ 80. Kxe3 Ng2+ 81. Ke4 Nxh4 82. Kxe5 Nf3+ 83. Kf4 b4 84. Kxf3 b3 0-1

[Event "USA-ch Junior Girls 2018"]
[Site "Saint Louis"]
[Date "2018.07.16"]
[Round "5"]
[White "Vittal, Sanjana"]
[Black "Feng, Maggie"]
[Result "0-1"]
[ECO "C18"]
[WhiteElo "1947"]
[BlackElo "2236"]
[Annotator "NA RC"]
[PlyCount "136"]
[EventDate "2018.07.12"]
[EventType "tourn"]
[EventCountry "USA"]
[SourceTitle "playchess.com"]
[Source "ChessBase"]
[SourceQuality "1"]
[TimeControl "40/5400+30:1800+30"]

1. e4 e6 2. d4 d5 3. Nc3 Bb4 4. e5 Ne7 5. a3 Bxc3+ 6. bxc3 c5 7. Qg4 O-O 8. Bd3 Nbc6 9. Nf3 f5 10. Qh3 Qa5 {[%emt 0:04:46] LiveBook: 11 Games} 11. Bd2 $1 Qa4 12. dxc5 {[%emt 0:00:17] C18: French: 3 Nc3 Bb4: Main line: 7 h4 and 7 Qg4} (12. Rg1 cxd4 13. g4 dxc3 14. Bxc3 Bd7 15. gxf5 Nxf5 16. Rg4 d4 17. Bd2 Nce7 18. Nxd4 h5 19. Nxf5 Qxg4 20. Nxe7+ Kf7 21. Qxg4 hxg4 22. Bg6+ Kxe7 23. Bb4+ {1-0 (23) Garakov,M (2439)-Rustemov,A (2547) Novokuznetsk 2008}) 12... Qg4 13. O-O $146 ({Predecessor:} 13. Qg3 Ng6 14. Be3 Ngxe5 15. Nxe5 Qxg3 16. hxg3 Nxe5 17. Bd4 Nc6 18. f4 Nxd4 19. cxd4 b6 20. cxb6 axb6 {½-½ (54) Selkovski,Z (1939)-Jacimovic,D (2407) Ohrid 2016}) 13... Qxh3 14. gxh3 Na5 15. Rab1 Nec6 16. Rfe1 Bd7 17. Nd4 Rfc8 18. Nb5 Nd8 19. Be3 Nc4 ({Better is} 19... f4 $14 20. Bxf4 Rxc5) 20. Bxc4 $1 dxc4 21. Nd6 Rc7 22. Bd4 Bc6 23. Rb4 Bd5 24. Reb1 Rd7 25. R4b2 Rc7 26. a4 Rd7 27. a5 a6 28. f4 Rb8 29. Bf2 Nf7 30. Rb6 Nxd6 31. cxd6 Rc8 32. Be3 Kf7 33. Kf2 Be4 34. R1b2 Ra8 35. R6b4 Rc8 36. Bb6 h6 37. h4 (37. Be3 $142) 37... g5 $1 38. hxg5 hxg5 39. fxg5 Kg6 40. Be3 (40. h4 $16) 40... Rh8 41. Kg3 (41. Rxc4 $11 Rxh2+ 42. Kf1) 41... Rdh7 42. Bg1 {[%emt 0:01:58] [#]} Bd5 $1 ({Don't play} 42... Kxg5 $6 43. Rxc4 Rg8 44. Rb1 $15) 43. Rb1 Kxg5 44. Kf2 Kf4 45. Ke2 (45. Re1 $17 {was worth a try.}) 45... Rg8 ({Don't do} 45... Kxe5 46. Bd4+ Kxd6 47. Bxh8) 46. Rf1+ Kxe5 47. Rb6 f4 48. Kd1 Kf5 49. Kc1 e5 50. Rd1 Bc6 51. h4 e4 52. Bd4 e3 53. Rf1 e2 54. Re1 f3 55. Kd2 Rxh4 56. d7 Rd8 57. Rbb1 Rxd7 58. Ke3 Re7+ 59. Kd2 Rh2 60. Be3 Rd7+ 61. Bd4 Kf4 62. Ra1 Be4 63. Rab1 Bf5 64. Ra1 Bg4 65. Rg1 f2 66. Rxg4+ Kxg4 67. Kxe2 Re7+ 68. Kd2 f1=Q+ 0-1

[Event "USA-ch Junior Girls 2018"]
[Site "Saint Louis"]
[Date "2018.07.19"]
[Round "7"]
[White "Matus, Nastassja"]
[Black "Wu, Rochelle"]
[Result "1-0"]
[ECO "D11"]
[WhiteElo "1960"]
[BlackElo "2110"]
[Annotator "NA RC"]
[PlyCount "113"]
[EventDate "2018.07.12"]
[EventType "tourn"]
[EventCountry "USA"]
[SourceTitle "playchess.com"]
[Source "ChessBase"]
[SourceQuality "1"]
[TimeControl "40/5400+30:1800+30"]

1. d4 d5 2. c4 c6 3. Nf3 Nf6 4. Qb3 dxc4 5. Qxc4 Bg4 6. Nbd2 Nbd7 {[%emt 0:00:54] D23: Queen's Gambit Accepted: 3 Nf3 Nf6 sidelines} 7. g3 e6 8. Bg2 Be7 9. O-O O-O 10. Re1 Rc8 {[%emt 0:06:04] LiveBook: 7 Partien} 11. Qb3 Qb6 12. Nc4 Qa6 13. Bf4 {[%emt 0:04:51] [#]} Nd5 $146 ({Predecessor:} 13... c5 14. Nfe5 {½-½ (39) Krasenkow,M (2607)-Khairullin,I (2638) Jurmala 2012}) 14. Bd6 N7b6 15. Bxe7 Nxe7 16. Nce5 Bh5 17. Nd3 Qc4 18. Qxc4 Nxc4 19. Rac1 Nd6 20. Nf4 Bxf3 21. Bxf3 Rfd8 22. Red1 g6 23. Nd3 Nd5 24. Nc5 b6 25. Nd3 Ne7 26. e3 Rc7 27. Nb4 Rdc8 28. Na6 Rd7 29. Rc2 Nb7 30. Rdc1 Rd6 31. b4 b5 32. Nc5 Nd8 33. Ne4 Rd5 34. Nf6+ Kg7 35. Nxd5 exd5 36. Rc3 f5 37. Be2 Rb8 38. Ra1 a6 39. a4 Nf7 40. axb5 axb5 41. Ra7 Kf6 42. Rca3 Nd6 43. Kg2 Ke6 44. h4 h5 45. Ra1 Ndc8 46. R7a3 Nd6 47. Kh3 Kf6 48. R3a2 Rb7 49. Bd3 Rb8 50. f3 Rh8 $18 51. Rf1 Ke6 52. Ra7 Rh6 53. Re1 Kf6 54. Rc7 Rh8 55. e4 dxe4 56. fxe4 fxe4 57. Bxe4 1-0

[Event "USA-ch Junior Girls 2018"]
[Site "Saint Louis"]
[Date "2018.07.20"]
[Round "8"]
[White "Nguyen, Emily"]
[Black "Cervantes Landeiro, Thalia"]
[Result "0-1"]
[ECO "D21"]
[WhiteElo "2215"]
[BlackElo "2208"]
[Annotator "ChessBase"]
[PlyCount "210"]
[EventDate "2018.07.12"]
[EventType "tourn"]
[EventCountry "USA"]
[SourceTitle "playchess.com"]
[Source "ChessBase"]
[SourceQuality "1"]
[TimeControl "40/5400+30:1800+30"]

1. d4 d5 2. c4 dxc4 3. Nf3 a6 4. e3 Bg4 5. Bxc4 e6 6. O-O Nc6 7. b3 Nf6 8. Bb2 Bd6 9. Nbd2 O-O 10. Be2 Nd7 11. Nc4 Be7 12. e4 Nf6 13. Ne3 Bh5 14. d5 exd5 15. e5 Nd7 16. Qxd5 Nb6 17. Qe4 Bg6 18. Nf5 Qc8 19. Nxe7+ Nxe7 20. Qe3 Nbd5 21. Qc1 Rd8 22. Rd1 Nc6 23. Bc4 Nce7 24. Be2 c5 25. Nh4 Qc7 26. Nxg6 Nxg6 27. Bf3 Nb4 28. Be4 Rxd1+ 29. Qxd1 Rd8 30. Qf3 Nc6 31. Qg3 Nd4 32. Bxd4 Rxd4 33. Re1 Qa5 34. Qe3 Qc7 35. Bxg6 hxg6 36. e6 fxe6 37. Qxe6+ Qf7 38. Qc8+ Kh7 39. Qxc5 Rd2 40. h3 Rxa2 41. Re4 Qf6 42. g3 b6 43. Qe3 Ra5 44. Kg2 Qc6 45. Kh2 Rh5 46. g4 Rc5 47. b4 Rc3 48. Qd4 Rc2 49. Kg1 Rc1+ 50. Kh2 Qc7+ 51. Kg2 b5 52. g5 Qc6 53. Kh2 Qc7+ 54. Kg2 Qb7 55. f3 Rc2+ 56. Kg1 Rc8 57. Qe3 Qf7 58. Kg2 Qa2+ 59. Kg3 Qd5 60. Rd4 Qf7 61. Rf4 Qc7 62. Kg2 Qc2+ 63. Kg3 Rc4 64. Rd4 Rxd4 65. Qxd4 Qc1 66. h4 Qe1+ 67. Kg2 a5 68. bxa5 Qxa5 69. Qd5 Qa4 70. h5 Qc2+ 71. Kg3 b4 72. hxg6+ Qxg6 73. f4 Qb1 74. f5 Qg1+ 75. Kf4 Qh2+ 76. Kg4 Qe2+ 77. Kf4 Qf1+ 78. Kg4 Qg1+ 79. Kf4 Qf2+ 80. Kg4 Qe2+ 81. Kf4 Qh5 82. g6+ Kh6 83. Qd3 Qh4+ 84. Ke5 Qe7+ 85. Kf4 Qg5+ 86. Ke4 Qe7+ 87. Kf4 Qh4+ 88. Ke5 Qe7+ 89. Kf4 Qg5+ 90. Ke5 Qf6+ 91. Kf4 Qc3 92. Qe4 Qh3 93. Ke5 b3 94. Qb1 Qe3+ 95. Kd5 Kg5 96. Qb2 Qf3+ 97. Kd6 Qd3+ 98. Ke7 Qe4+ 99. Kd6 Qb4+ 100. Ke6 Qb6+ 101. Kd5 Qb5+ 102. Kd6 Qxf5 103. Qxb3 Qxg6+ 104. Ke5 Qf6+ 105. Ke4 Qf4+ 0-1

[Event "USA-ch Junior Girls 2018"]
[Site "Saint Louis"]
[Date "2018.07.20"]
[Round "8"]
[White "Wu, Rochelle"]
[Black "Morris-Suzuki, Sophie"]
[Result "0-1"]
[ECO "D25"]
[WhiteElo "2110"]
[BlackElo "1980"]
[Annotator "NA RC"]
[PlyCount "66"]
[EventDate "2018.07.12"]
[EventType "tourn"]
[EventCountry "USA"]
[SourceTitle "playchess.com"]
[Source "ChessBase"]
[SourceQuality "1"]
[TimeControl "40/5400+30:1800+30"]

1. d4 d5 2. c4 dxc4 3. Nf3 Nf6 4. e3 Bg4 5. Bxc4 e6 6. O-O a6 7. b3 Nc6 {[%emt 0:00:44] D22: Queen's Gambit Accepted: 3 Nf3 a6 4 e3} (7... c5 8. dxc5 Qxd1 9. Rxd1 Bxc5 10. Bb2 Nc6 11. Nbd2 h6 12. Rac1 Be7 13. Be2 O-O 14. h3 Bh5 15. g4 {½-½ (36) Eljanov,P (2678)-Korobov,A (2702) Moscow 2013}) 8. Bb2 Bd6 9. Nbd2 O-O 10. Be2 Qe8 11. Nc4 Rd8 12. Nxd6 cxd6 13. Rc1 $146 ({Predecessor:} 13. Nd2 Bf5 14. f3 Nd5 15. Nc4 {½-½ (33) Lundin,J (2284)-Rabiega,R (2560) Berlin 2008}) 13... e5 14. dxe5 dxe5 15. Qe1 Qe7 16. Rc4 (16. h3 $5 Bh5 17. Rxc6 bxc6 18. g4 $11) 16... Rfe8 17. h3 Be6 18. Ra4 Nd5 19. Qa1 ({But not} 19. Nxe5 Nxe5 20. Bxe5 Bd7 $15) 19... Nb6 20. Rh4 f6 21. Qb1 f5 22. g3 Qf6 23. Nxe5 $19 (23. e4 $11 {and White has nothing to worry.}) 23... Nxe5 24. f4 Qg6 25. Kf2 Nc6 26. Qe1 Bf7 27. Bh5 Qd6 28. Bxf7+ Kxf7 29. Bc3 Nd5 30. Ba1 Nxe3 31. Rxh7 Qd2+ 32. Qxd2 Rxd2+ 33. Kf3 Nxf1 0-1